 Dungeon Crawl Stone Soup version 0.30.1-3-gfc49f6343a (webtiles) character file.

Game seed: 13489728413506596311

59 Tirrikindir the Ducker (level 4, -7/31 HPs)
             Began as an Octopode Fighter on July 28, 2023.
             Mangled by Crazy Yiuf
             ... wielding a +4 quarterstaff of chaos
              (18 damage)
             ... on level 3 of the Dungeon.
             The game lasted 00:05:23 (1493 turns).

Tirrikindir the Ducker (Octopode Fighter)           Turns: 1493, Time: 00:05:24

Health: -7/31      AC:  1    Str: 15    XL:     4   Next: 3%
Magic:  4/4        EV: 13    Int: 10    God:
Gold:   99         SH:  4    Dex: 13    Spells: 3/3 levels left

rFire   + . .        a - +0 long sword
rCold   + . .        b - +0 buckler
rNeg    . . .        (helmet restricted)
rPois   +            (no amulet)
rElec   +            d - ring of poison resistance
rCorr   +            (no ring)
SInv    .            (no ring)
Will    .....        (no ring)
Stlth   +++          (no ring)
HPRegen 0.25/turn    (no ring)
MPRegen 0.09/turn    (no ring)
                     (no ring)

%: no passive effects
@: resistant
A: almost no armour, amphibious, 8 rings, camouflage 1, gelatinous body 1,
(nimble swimmer 1), tentacles
a: no special abilities


You were on level 3 of the Dungeon.
You visited 1 branch of the dungeon, and saw 3 of its levels.

You collected 99 gold pieces.

Inventory:

Hand Weapons
 a - a +0 long sword (weapon)
Armour
 b - a +0 buckler (worn)
Jewellery
 d - a ring of poison resistance (left tentacle)
Wands
 g - a wand of digging (3)
Scrolls
 f - a scroll of fear {unknown}
 i - a scroll of blinking
Potions
 c - 2 potions of might
 h - a potion of brilliance


   Skills:
 + Level 3.3 Fighting
 * Level 2.8 Long Blades
 + Level 3.3 Dodging
 + Level 1.9 Stealth
 + Level 3.3 Shields


You had 3 spell levels left.
You didn't know any spells.
Your spell library was empty.

Dungeon Overview and Level Annotations

Branches:
Dungeon (3/15)

Altars:

Shops:
D:1 (!((

Annotations:
D:3 Crazy Yiuf


Innate Abilities, Weirdness & Mutations

You cannot wear most types of armour.
You are amphibious.
You can wear up to eight rings at the same time.
Your skin changes colour to match your surroundings (Stealth+).
Your rubbery body absorbs attacks. (AC +1, EV +1)
((You are camouflaged when in or above water. (Stealth+)))
You have tentacles for arms and can constrict up to eight enemies at once.


Message History

You barely miss the endoplasm. The endoplasm hits you.
You hit the endoplasm. You squeeze the endoplasm.
You kill the endoplasm!
You have reached level 4!
e - a fuming amethyst potion
Things that are here:
a +0 short sword; a kobold corpse
f - a scroll labelled QIETWO IHOEVOTZ HP restored.
An endoplasm comes into view.
You enter the shallow water.
The endoplasm quivers.
You hit the endoplasm. You squeeze the endoplasm.
You kill the endoplasm!
You now have 99 gold pieces (gained 15).
Found a hammer.
Found a runed translucent door.
You open the door.
There is an open translucent door here.
Crazy Yiuf shouts!
Crazy Yiuf hits you with a +4 quarterstaff of chaos!
You feel protected.
You completely miss Crazy Yiuf. You grab Crazy Yiuf. You constrict Crazy Yiuf.
Crazy Yiuf yells, "Shower!"
Crazy Yiuf drinks a potion.
Crazy Yiuf seems to grow stronger.
You hit Crazy Yiuf.
Crazy Yiuf is lightly wounded.
You constrict Crazy Yiuf. Crazy Yiuf barely misses you.
You barely miss Crazy Yiuf. You squeeze Crazy Yiuf.
Crazy Yiuf is heavily wounded.
You constrict Crazy Yiuf.
Crazy Yiuf says, "Announcement!
You bush bag."
Crazy Yiuf barely misses you.
Crazy Yiuf grits, "Dawk testudinal sing-song!"
Crazy Yiuf hits you with a +4 quarterstaff of chaos!
* * * LOW HITPOINT WARNING * * *
You resist with significant effort.
It was a potion of curing.
You feel better.
You constrict Crazy Yiuf.
Crazy Yiuf hits you with a +4 quarterstaff of chaos!!
Ouch! That really hurt!
You die...

#...#
#.###
#..#
##.#
#.#
#.#
#####
#.#
#.g)#
#.#
#.@.#
#.#
#...#
#.#
##'##
#.#
♣♣.♣
#.#
♣.♣♣
#.#
♣♣.♣
#.#
♣.♣♣
#.#
♣♣.♣♣
#.#
♣...♣♣
#.#


You could see Crazy Yiuf (strong).

Vanquished Creatures
  An adder (D:2)
  2 dart slugs (D:1)
  6 endoplasms
  A giant cockroach (D:2)
  2 goblins (D:1)
  6 hobgoblins (D:1)
  3 jackals (D:1)
  A quokka (D:1)
  3 ball pythons
  3 bats
  8 frilled lizards
  4 kobolds
  4 rats
44 creatures vanquished.

Notes
Turn   | Place    | Note
-------+----------+-------------------------------------------
     0 | D:1      | Tirrikindir the Octopode Fighter began the quest for the
                  | Orb.
     0 | D:1      | Reached XP level 1. HP: 16/16 MP: 1/1
    33 | D:1      | Found Idiegawi's Distillery.
    61 | D:1      | Reached XP level 2. HP: 21/21 MP: 2/2
    67 | D:1      | Reached skill level 1 in Stealth
    97 | D:1      | Found Pyczig's Weapon Shoppe.
   131 | D:1      | Found Erauvuz's Weapon Shoppe.
   303 | D:1      | Reached XP level 3. HP: 26/26 MP: 3/3
   385 | D:1      | Found Warroteu's Antique Weapon Shop.
  1389 | D:3      | Reached XP level 4. HP: 25/31 MP: 4/4
  1482 | D:3      | Found a runed translucent door.
  1483 | D:3      | Noticed Crazy Yiuf
  1493 | D:3      | Mangled by Crazy Yiuf

Illustrated notes

Levels and vault maps discovered:
D:1:      amcnicky_arrival_feature_with_door, layout_rooms, serial_shops, shop,
          nicolae_shop_tiny_statue_garden, nicolae_shop_crystal,
          nicolae_shop_crystal
D:2:      layout_basic
D:3:      layout_loops_ring, grunt_temple_overflow_growth_and_decay, hex_large,
          chequers_serial_rivers_micro_a, chequers_serial_rivers_micro_b,
          uniq_crazy_yiuf_cottage

Skill      XL: |  1  2 |
---------------+-------+-----
Stealth        | 1 |  1.9
Fighting       | |  3.3
Long Blades    | |  2.8
Dodging        | |  3.3
Shields        | |  3.3

Action                     |  1- 3 |  4- 6 || total
---------------------------+-------+-------++-------
  Melee: Long sword        |    68 |     4 ||    72
         Constrict         |    18 |     1 ||    19
         Tentacles         |     9 |     2 ||    11
    Use: Scroll            |     3 |       ||     3
         Potion            |       |     1 ||     1
   Stab: Sleeping          |    11 |       ||    11
 Armour: Skin              |     4 |       ||     4
  Dodge: Dodged            |    42 |     2 ||    44
  Block: Buckler           |    11 |       ||    11
